AoeStats
← :)

Black Forest

509747490Analyzed
4v4 RM · 5d ago on Sep 27, 2026· 14m 38s· 8 players
Game mode
Random Map
Map size
Large (8 player)
Population
200
Speed
Normal
Resources
Standard
Victory
Conquest
Starting age
Dark Age
Ending age
Imperial Age
RankedLock teamsTeams togetherTeam positionsShared explorationLock speedFull tech treeHidden civsTurbo modeCheats
Victory
Defeat
🇦🇷 Saracens · Argentina
1409
+10
🇦🇷 Khmer · Argentina
1359
+11
🇦🇷 Varangians · Argentina
1330
+12
🇦🇷 Hindustanis · Argentina
1325
+13
🇦🇷 Ethiopians · Argentina
1299
-13
🇦🇷 Persians · Argentina
1250
-11
🇨🇴 Muisca · Colombia
1241
-11
🇺🇸 Saracens · United States
1236
-11
:)
5:30 Loom
9:49 Feudal Age
10:26 Double-Bit Axe
12:05 Fletching
NBP
10:52 Feudal Age
12:20 Loom
15:12 Castle Age
Party Cannon
12:07 Feudal Age
16:03 Castle Age
14:17 Double-Bit Axe
GatoNg2077
1:03 Loom
11:34 Feudal Age
ROSHI EL MAESTRO DEL AGE
5:41 Loom
9:45 Feudal Age
12:11 Double-Bit Axe
Don Tani
6:10 Loom
9:06 Feudal Age
14:07 Fletching
14:21 Padded Archer Armor
Busco señora que cobre PUAM
5:17 Loom
8:00 Feudal Age
10:43 Town Watch
Julio Argentino Roca
1:55 Loom
9:22 Feudal Age
10:16 Double-Bit Axe
10:41 Horse Collar
Connection lost

Rejoining the realm…

Still unreachable

The connection could not be restored.

Session expired

The server has moved on; the page needs a fresh start.